Erie Otters vs Sarnia Sailors
Created - Thursday, March 16, 2023 at 06:59
Goals
|
| Erie Otters |
3 |
4 |
2 |
9 |
| Sarnia Sailors |
1 |
0 |
2 |
3 |
|
Shots
|
| Erie Otters |
18 |
9 |
10 |
37 |
| Sarnia Sailors |
11 |
13 |
8 |
32 |
|
1st period
1. Erie Otters , Paul Cotter 2 (Alex Newhook 7, Trent Frederic 2) at 5:47 (PP)
2. Erie Otters , Ty Ronning 1 (Andy Andreoff 1, Rasmus Sandin 2) at 17:32
3. Erie Otters , Trent Frederic 3 (Alex Newhook 8) at 17:49
4. Sarnia Sailors , Keegan Kolesar 4 (Nick Ritchie 3) at 18:23 (PP)
Penalties :
David Warsofsky (SAR) for Diving (Minor) at 5:39, Vasily Podkolzin (SAR) for Slashing (Minor) at 14:43, Alex Petrovic (ERO) for Hooking (Minor) at 18:13
2nd period
5. Erie Otters , Andy Andreoff 1 (Sampo Ranta 2) at 3:31 (PP)
6. Erie Otters , Sampo Ranta 3 (Andy Andreoff 2, Rasmus Sandin 3) at 4:03
7. Erie Otters , Michael Eyssimont 2 (Andy Andreoff 3, Rasmus Sandin 4) at 9:50
8. Erie Otters , Alex Newhook 1 (Trent Frederic 3, Alex Biega 1) at 11:13 (PP)
Penalties :
Vasily Podkolzin (SAR) for Tripping (Minor) at 2:56, Keegan Kolesar (SAR) for Fighting (Major) at 4:10, Paul Cotter (ERO) for Fighting (Major) at 4:10, Keegan Kolesar (SAR) for Tripping (Minor) at 9:57, Dylan McLaughlin (SAR) for Fighting (Major) at 11:49, Adam Clendening (ERO) for Fighting (Major) at 11:49, Chris Wideman (SAR) for Tripping (Minor) at 13:59
3rd period
9. Erie Otters , Paul Cotter 3 (Alex Newhook 9, Trent Frederic 4) at 0:10
10. Sarnia Sailors , Keegan Kolesar 5 (Nick Ritchie 4, Alex Vlasic 2) at 0:48 (PP)
11. Sarnia Sailors , Alex Vlasic 2 (Dominic Toninato 3, Dylan McLaughlin 3) at 1:49 (PP)
12. Erie Otters , Sampo Ranta 4 (Andy Andreoff 4, Adam Clendening 1) at 5:26 (SH)
Penalties :
Alex Biega (ERO) for Hooking (Minor) at 0:33, Paul Cotter (ERO) for Interference (Minor) at 1:10, Alex Petrovic (ERO) for Tripping (Minor) at 3:31, Michael Dal Colle (SAR) for Fighting (Major) at 10:01, Alec McCrea (ERO) for Fighting (Major) at 10:01, Dominic Turgeon (SAR) for Fighting (Major) at 10:45, Trent Frederic (ERO) for Fighting (Major) at 10:45, Trent Frederic (ERO) for instigated a fight (Minor) at 10:45, Trent Frederic (ERO) for instigated a fight (10 Minutes Misconduct) at 10:45, Andy Andreoff (ERO) for Charging (Minor) at 12:05
Goalie Stats
Keith Kinkaid (ERO), 29 saves from 32 shots - (0.906), W, 1-3-0, 60:00 minutes
Laurent Brossoit (SAR), 23 saves from 28 shots - (0.821), L, 3-1-0, 38:37 minutes
Matt Tomkins (SAR), 5 saves from 9 shots - (0.556), 21:23 minutes
Players Stats for Erie Otters
Player Name G A P +/- PIM S H SB GA TA FO MP PP MP PK MP
------------------------------------------------------------------------------------
Aaron Luchuk 0 0 0 0 0 1 2 0 0 0 2/5 13:45 0:00 1:35
Aaron Ness 0 0 0 0 0 0 1 1 0 0 0/0 12:43 0:50 0:00
Abbott Girduckis 0 0 0 0 0 0 0 0 0 0 0/1 6:27 0:03 0:00
Adam Brubacher 0 0 0 1 0 0 0 2 0 0 0/0 7:34 0:00 0:39
Adam Clendening 0 1 1 3 5 0 1 1 0 0 0/0 18:14 0:55 2:25
Alec McCrea 0 0 0 0 5 0 0 0 0 0 0/0 11:18 0:00 0:41
Alex Biega 0 1 1 3 2 0 1 1 0 1 0/0 24:00 4:12 3:42
Alex Gallant 0 0 0 0 0 0 2 0 0 0 0/0 12:13 0:00 0:00
Alex Newhook 1 3 4 2 0 10 0 0 0 0 20/33 26:18 3:02 3:52
Alex Petrovic 0 0 0 2 4 0 1 0 0 2 0/0 17:14 1:45 1:20
Alex-Olivier Voyer 0 0 0 1 0 1 0 0 0 0 0/0 10:18 0:18 0:00
Andy Andreoff 1 4 5 4 2 3 4 1 0 0 5/7 17:08 2:14 0:46
Michael Eyssimont 1 0 1 2 0 3 1 0 0 0 2/3 18:06 2:11 2:18
Paul Cotter 2 0 2 2 7 8 1 1 0 0 0/1 17:38 3:37 0:16
Rasmus Sandin 0 3 3 3 0 3 0 1 1 1 0/0 29:10 4:12 3:57
Sampo Ranta 2 1 3 3 0 2 3 0 0 0 0/0 16:17 2:08 1:11
Trent Frederic 1 3 4 2 17 3 3 0 1 0 1/2 19:32 3:31 2:06
Ty Ronning 1 0 1 1 0 3 1 0 1 0 0/0 14:55 0:47 0:00
Players Stats for Sarnia Sailors
Player Name G A P +/- PIM S H SB GA TA FO MP PP MP PK MP
------------------------------------------------------------------------------------
Aleksi Heponiemi 0 0 0 -1 0 3 4 0 0 0 1/1 13:40 0:00 0:09
Alex Vlasic 1 1 2 -3 0 2 5 4 0 0 0/0 27:58 3:43 3:48
Chris Wideman 0 0 0 0 2 0 2 0 0 0 0/0 12:08 2:39 0:00
Connor Carrick 0 0 0 0 0 2 0 0 1 1 0/0 15:06 0:00 3:56
David Warsofsky 0 0 0 -2 2 0 3 4 0 0 0/0 12:12 0:00 0:00
Dominic Toninato 0 1 1 -5 0 6 1 1 0 1 5/6 22:44 2:54 3:26
Dominic Turgeon 0 0 0 0 5 0 0 0 0 0 3/4 9:40 0:00 1:03
Dylan McLaughlin 0 1 1 -2 5 1 0 0 1 0 3/5 15:29 2:54 0:32
Jack Rathbone 0 0 0 -2 0 0 0 0 0 0 0/0 22:26 2:39 2:01
Josh Dickinson 0 0 0 -1 0 3 1 0 0 0 0/5 15:57 2:54 1:33
Keegan Kolesar 2 0 2 -4 7 5 1 0 1 0 10/28 20:44 3:28 2:25
Michael Dal Colle 0 0 0 -1 5 1 1 0 0 0 0/1 13:12 0:00 1:21
Mitchell Vande Sompel 0 0 0 -2 0 0 1 1 0 0 0/0 12:34 0:00 0:00
Nick Ritchie 0 2 2 0 0 1 3 0 0 0 0/0 14:50 3:28 1:25
Rob Hamilton 0 0 0 -1 0 0 0 0 0 0 0/0 16:49 0:00 2:09
Seth Barton 0 0 0 -1 0 0 1 0 0 0 0/0 14:32 0:00 0:00
Vasily Podkolzin 0 0 0 -4 4 6 1 0 1 0 0/2 20:29 3:28 0:00
Yannick Weber 0 0 0 -1 0 2 1 0 0 1 0/0 13:24 3:43 0:00
3 Stars
1 - Andy Andreoff (ERO)
2 - Sampo Ranta (ERO)
3 - Alex Newhook (ERO)
Power Play
Erie Otters - 3 on 5 Attempt(s) - 60.00%
Sarnia Sailors - 3 on 6 Attempt(s) - 50.00%
Penalty Kill
Erie Otters - 3 on 6 Attempt(s) - 50.00%
- Score 1 goal in Penalty Kill
Sarnia Sailors - 2 on 5 Attempt(s) - 40.00%
- Score 0 goal in Penalty Kill
Team Stat
Erie Otters - Hits : 21 - Faceoff Wins : 30 - Blocked Shots : 8 - Penalty Minutes : 42
Sarnia Sailors - Hits : 25 - Faceoff Wins : 22 - Blocked Shots : 10 - Penalty Minutes : 30
Official
Referees : Kelly Sutherland and Trevor Hanson
Linesman : Darren Gibbs and Kiel Murchison
Game Notes
Matt Tomkins enters game at 4:03 of 2nd period
Paul Cotter beats up Keegan Kolesar at 4:10 of 2nd period
Dylan McLaughlin beats up Adam Clendening at 11:49 of 2nd period
Laurent Brossoit enters game at 5:26 of 3rd period
Michael Dal Colle and Alec McCrea fight to a draw at 10:01 of 3rd period
Dominic Turgeon and Trent Frederic fight to a draw at 10:45 of 3rd period
Erie Otters
5 vs 5 Forward
Center Left Wing Right Wing Time % Phy DF OF
1 Alex Newhook Trent Frederic Paul Cotter 40 1 2 2
2 Andy Andreoff Michael Eyssimont Sampo Ranta 30 1 2 2
3 Aaron Luchuk Alex Gallant Ty Ronning 20 1 2 2
4 Abbott Girduckis Alex Newhook Alex-Olivier Voyer 10 1 2 2
5 vs 5 Defense
Defense Defense Time % Phy DF OF
1 Rasmus Sandin Alex Biega 40 1 2 2
2 Adam Clendening Alex Petrovic 30 1 2 2
3 Aaron Ness Alec McCrea 20 1 2 2
4 Adam Brubacher Rasmus Sandin 10 1 2 2
PowerPlay Forward
Center Left Wing Right Wing Time % Phy DF OF
1 Alex Newhook Trent Frederic Paul Cotter 60 1 2 2
2 Andy Andreoff Michael Eyssimont Sampo Ranta 40 1 2 2
PowerPlay Defense
Defense Defense Time % Phy DF OF
1 Rasmus Sandin Alex Biega 60 1 2 2
2 Adam Clendening Alex Petrovic 40 1 2 2
Penalty Kill 4 Players Forward
Center Wing Time % Phy DF OF
1 Alex Newhook Trent Frederic 60 1 2 2
2 Andy Andreoff Michael Eyssimont 40 1 2 2
Penalty Kill 4 Players Defense
Defense Defense Time % Phy DF OF
1 Rasmus Sandin Alex Biega 60 1 2 2
2 Adam Clendening Alex Petrovic 40 1 2 2
Penalty Kill - 3 Players Forward
Forward Time % Phy DF OF
1 Alex Newhook 60 1 2 2
2 Trent Frederic 40 1 2 2
Penalty Kill - 3 Players Defense
Defense Defense Time % Phy DF OF
1 Rasmus Sandin Alex Biega 60 1 2 2
2 Adam Clendening Alex Petrovic 40 1 2 2
4 vs 4 Forward
Center Wing Time % Phy DF OF
1 Alex Newhook Trent Frederic 60 1 2 2
2 Andy Andreoff Michael Eyssimont 40 1 2 2
4 vs 4 Defense
Defense Defense Time % Phy DF OF
1 Rasmus Sandin Alex Biega 60 1 2 2
2 Adam Clendening Alex Petrovic 40 1 2 2
Last Minutes Offensive
Center Left Wing Right Wing Defense Defense
Alex Newhook Trent Frederic Paul Cotter Rasmus Sandin Alex Biega
Last Minutes Defensive
Center Left Wing Right Wing Defense Defense
Alex Newhook Trent Frederic Paul Cotter Rasmus Sandin Alex Biega
Goaltenders
Starting : Keith Kinkaid
Backup : Brad Thiessen
Extra Forwards
Normal : Ty Ronning, Alex-Olivier Voyer, Aaron Luchuk - PP : Ty Ronning, Alex-Olivier Voyer - PK : Aaron Luchuk
Extra Defensemen
Normal : Aaron Ness, Alec McCrea, Adam Brubacher - PP : Aaron Ness - PK : Alec McCrea, Adam Brubacher
Penalty Shots
Alex Newhook, Trent Frederic, Andy Andreoff, Michael Eyssimont, Paul Cotter
Sarnia Sailors
5 vs 5 Forward
Center Left Wing Right Wing Time % Phy DF OF
1 Keegan Kolesar Dominic Toninato Vasily Podkolzin 40 1 2 2
2 Dylan McLaughlin Aleksi Heponiemi Michael Dal Colle 30 1 2 2
3 Dominic Turgeon Nick Ritchie Connor Carrick 20 1 2 2
4 Josh Dickinson Chris Wideman Yannick Weber 10 1 2 2
5 vs 5 Defense
Defense Defense Time % Phy DF OF
1 Alex Vlasic Jack Rathbone 40 1 2 2
2 Rob Hamilton Seth Barton 30 1 2 2
3 Mitchell Vande Sompel David Warsofsky 20 1 2 2
4 Connor Carrick Alex Vlasic 10 1 2 2
PowerPlay Forward
Center Left Wing Right Wing Time % Phy DF OF
1 Keegan Kolesar Nick Ritchie Vasily Podkolzin 60 1 2 2
2 Dominic Toninato Josh Dickinson Dylan McLaughlin 40 1 2 2
PowerPlay Defense
Defense Defense Time % Phy DF OF
1 Alex Vlasic Yannick Weber 60 1 2 2
2 Jack Rathbone Chris Wideman 40 1 2 2
Penalty Kill 4 Players Forward
Center Wing Time % Phy DF OF
1 Dominic Toninato Keegan Kolesar 60 1 2 2
2 Dylan McLaughlin Michael Dal Colle 40 1 2 2
Penalty Kill 4 Players Defense
Defense Defense Time % Phy DF OF
1 Alex Vlasic Connor Carrick 60 1 2 2
2 Jack Rathbone Rob Hamilton 40 1 2 2
Penalty Kill - 3 Players Forward
Forward Time % Phy DF OF
1 Dominic Toninato 60 1 2 2
2 Dylan McLaughlin 40 1 2 2
Penalty Kill - 3 Players Defense
Defense Defense Time % Phy DF OF
1 Alex Vlasic Connor Carrick 60 1 2 2
2 Jack Rathbone Rob Hamilton 40 1 2 2
4 vs 4 Forward
Center Wing Time % Phy DF OF
1 Keegan Kolesar Vasily Podkolzin 60 1 2 2
2 Dominic Turgeon Michael Dal Colle 40 1 2 2
4 vs 4 Defense
Defense Defense Time % Phy DF OF
1 Alex Vlasic Jack Rathbone 60 1 2 2
2 Connor Carrick Yannick Weber 40 1 2 2
Last Minutes Offensive
Center Left Wing Right Wing Defense Defense
Keegan Kolesar Dominic Toninato Vasily Podkolzin Alex Vlasic Jack Rathbone
Last Minutes Defensive
Center Left Wing Right Wing Defense Defense
Dylan McLaughlin Keegan Kolesar Dominic Toninato Alex Vlasic Connor Carrick
Goaltenders
Starting : Laurent Brossoit
Backup : Matt Tomkins
Extra Forwards
Normal : Josh Dickinson, Nick Ritchie, Aleksi Heponiemi - PP : Josh Dickinson, Nick Ritchie - PK : Josh Dickinson
Extra Defensemen
Normal : Rob Hamilton, Seth Barton, Jack Rathbone - PP : David Warsofsky - PK : Rob Hamilton, Seth Barton
Penalty Shots
Aleksi Heponiemi, Keegan Kolesar, Dominic Toninato, Vasily Podkolzin, Michael Dal Colle
% Time on Ice - Erie Otters
Lines # - Real PCT - Wanted PCT - Time Play
Normal Forward
1 - 36% - 40% - 17:03
2 - 26% - 30% - 12:29
3 - 25% - 20% - 11:45
4 - 13% - 10% - 6:24
Normal Defense
1 - 34% - 40% - 16:07
2 - 32% - 30% - 15:04
3 - 24% - 20% - 11:23
4 - 11% - 10% - 5:07
PP Forward
1 - 62% - 60% - 3:40
2 - 38% - 40% - 2:17
PP Defense
1 - 71% - 60% - 4:12
2 - 29% - 40% - 1:45
PK Forward
1 - 96% - 60% - 5:28
2 - 4% - 40% - 0:15
PK Defense
1 - 60% - 60% - 3:26
2 - 40% - 40% - 2:17
PK3 Forward
1 - 100% - 60% - 0:39
2 - 0% - 40% - 0:00
PK3 Defense
1 - 79% - 60% - 0:31
2 - 21% - 40% - 0:08
44 Forward
1 - 0% - 60%
2 - 0% - 40%
44 Defense
1 - 0% - 60%
2 - 0% - 40%
Last Minute Offensive - 0:00
Last Minute Defensive - 0:00
Total
Forward - 60:00
Defense - 60:00
|
% Time on Ice - Sarnia Sailors
Lines # - Real PCT - Wanted PCT - Time Play
Normal Forward
1 - 35% - 40% - 16:34
2 - 27% - 30% - 12:46
3 - 19% - 20% - 9:15
4 - 19% - 10% - 9:06
Normal Defense
1 - 38% - 40% - 18:09
2 - 31% - 30% - 15:01
3 - 26% - 20% - 12:13
4 - 5% - 10% - 2:18
PP Forward
1 - 54% - 60% - 3:28
2 - 46% - 40% - 2:54
PP Defense
1 - 58% - 60% - 3:43
2 - 42% - 40% - 2:39
PK Forward
1 - 77% - 60% - 4:36
2 - 23% - 40% - 1:21
PK Defense
1 - 66% - 60% - 3:56
2 - 34% - 40% - 2:01
PK3 Forward
1 - 0% - 60%
2 - 0% - 40%
PK3 Defense
1 - 0% - 60%
2 - 0% - 40%
44 Forward
1 - 0% - 60%
2 - 0% - 40%
44 Defense
1 - 0% - 60%
2 - 0% - 40%
Last Minute Offensive - 0:00
Last Minute Defensive - 0:00
Total
Forward - 60:00
Defense - 60:00
|
Play-by-Play
1st period
0:01 of 1st period - Alex Newhook wins face-off versus Keegan Kolesar in neutral zone.
0:26 of 1st period - Alex Vlasic is hit by Sampo Ranta and loses puck.
1:44 of 1st period - Wrist shot by Michael Eyssimont.
1:44 of 1st period - Shot Misses the Net.
2:01 of 1st period - Snap shot by Keegan Kolesar.
2:01 of 1st period - Stopped by Keith Kinkaid with a rebound.
2:09 of 1st period - Wrist shot by Keegan Kolesar.
2:09 of 1st period - Stopped by Keith Kinkaid with a rebound.
2:11 of 1st period - Snap shot by Dominic Toninato.
2:11 of 1st period - Stopped by Keith Kinkaid with a rebound.
2:13 of 1st period - Snap shot by Dominic Toninato.
2:13 of 1st period - Shot Misses the Net.
2:15 of 1st period - Slapshot by Vasily Podkolzin.
2:15 of 1st period - Stopped by Keith Kinkaid with a rebound.
2:17 of 1st period - Snap shot by Dominic Toninato.
2:17 of 1st period - Shot Misses the Net.
4:24 of 1st period - Snap shot by Aaron Luchuk.
4:24 of 1st period - Stopped by Laurent Brossoit without a rebound.
4:25 of 1st period - Alex Newhook wins face-off versus Dylan McLaughlin in Sarnia Sailors zone.
4:32 of 1st period - Slapshot by Trent Frederic.
4:32 of 1st period - Stopped by Laurent Brossoit with a rebound.
4:38 of 1st period - Slapshot by Paul Cotter.
4:38 of 1st period - Stopped by Laurent Brossoit with a rebound.
5:39 of 1st period - Minor Penalty to David Warsofsky for Diving.
5:40 of 1st period - Alex Newhook wins face-off versus Michael Dal Colle in Sarnia Sailors zone.
5:43 of 1st period - Snap shot by Alex Newhook.
5:43 of 1st period - Stopped by Laurent Brossoit with a rebound.
5:45 of 1st period - Wrist shot by Paul Cotter.
5:45 of 1st period - Deflect By Dylan McLaughlin.
5:45 of 1st period - Stopped by Laurent Brossoit with a rebound.
5:47 of 1st period - Snap shot by Paul Cotter.
5:47 of 1st period - Goal by Paul Cotter - Erie Otters : 1 - Sarnia Sailors : 0.
5:48 of 1st period - Dylan McLaughlin wins face-off versus Trent Frederic in neutral zone.
6:13 of 1st period - Sampo Ranta is hit by Josh Dickinson and loses puck.
9:29 of 1st period - Icing by Michael Dal Colle.
9:30 of 1st period - Aaron Luchuk wins face-off versus Keegan Kolesar in Sarnia Sailors zone.
9:31 of 1st period - Snap shot by Ty Ronning.
9:31 of 1st period - Stopped by Laurent Brossoit without a rebound.
9:32 of 1st period - Keegan Kolesar wins face-off versus Aaron Luchuk in Sarnia Sailors zone.
10:20 of 1st period - Wrist shot by Michael Eyssimont.
10:20 of 1st period - Stopped by Laurent Brossoit without a rebound.
10:21 of 1st period - Alex Newhook wins face-off versus Dominic Turgeon in Sarnia Sailors zone.
10:34 of 1st period - Wrist shot by Trent Frederic.
10:34 of 1st period - Shot Misses the Net.
10:36 of 1st period - Wrist shot by Alex Newhook.
10:36 of 1st period - Stopped by Laurent Brossoit with a rebound.
11:06 of 1st period - Wrist shot by Aleksi Heponiemi.
11:06 of 1st period - Stopped by Keith Kinkaid without a rebound.
11:07 of 1st period - Dylan McLaughlin wins face-off versus Aaron Luchuk in Erie Otters zone.
11:14 of 1st period - Slapshot by Aleksi Heponiemi.
11:14 of 1st period - Deflect By Michael Dal Colle.
11:14 of 1st period - Stopped by Keith Kinkaid with a rebound.
11:54 of 1st period - Wrist shot by Yannick Weber.
11:54 of 1st period - Stopped by Keith Kinkaid without a rebound.
11:55 of 1st period - Andy Andreoff wins face-off versus Josh Dickinson in Erie Otters zone.
12:06 of 1st period - Slapshot by Josh Dickinson.
12:06 of 1st period - Shot Misses the Net.
12:22 of 1st period - Snap shot by Alex Newhook.
12:22 of 1st period - Shot Blocked by Alex Vlasic.
12:24 of 1st period - Snap shot by Paul Cotter.
12:24 of 1st period - Shot Misses the Net.
12:26 of 1st period - Slapshot by Alex Newhook.
12:26 of 1st period - Shot Blocked by Alex Vlasic.
12:28 of 1st period - Snap shot by Trent Frederic.
12:28 of 1st period - Shot Blocked by Alex Vlasic.
12:30 of 1st period - Snap shot by Alex Newhook.
12:30 of 1st period - Stopped by Laurent Brossoit with a rebound.
12:50 of 1st period - Snap shot by Vasily Podkolzin.
12:50 of 1st period - Stopped by Keith Kinkaid with a rebound.
13:02 of 1st period - Alex Newhook is hit by Alex Vlasic and loses puck.
13:08 of 1st period - Icing by Alex Newhook.
13:09 of 1st period - Dylan McLaughlin wins face-off versus Abbott Girduckis in Erie Otters zone.
13:10 of 1st period - Snap shot by Aleksi Heponiemi.
13:10 of 1st period - Stopped by Keith Kinkaid with a rebound.
13:34 of 1st period - Alex Newhook is hit by David Warsofsky and loses puck.
13:57 of 1st period - Wrist shot by Chris Wideman.
13:57 of 1st period - Shot Blocked by Aaron Ness.
14:11 of 1st period - Slapshot by Alex Newhook.
14:11 of 1st period - Stopped by Laurent Brossoit with a rebound.
14:13 of 1st period - Snap shot by Abbott Girduckis.
14:13 of 1st period - Shot Misses the Net.
14:17 of 1st period - Snap shot by Alex Newhook.
14:17 of 1st period - Stopped by Laurent Brossoit with a rebound.
14:21 of 1st period - Snap shot by Alex Newhook.
14:21 of 1st period - Stopped by Laurent Brossoit with a rebound.
14:27 of 1st period - Wrist shot by Alex-Olivier Voyer.
14:27 of 1st period - Shot Misses the Net.
14:39 of 1st period - Slapshot by Alex-Olivier Voyer.
14:39 of 1st period - Stopped by Laurent Brossoit without a rebound.
14:40 of 1st period - Keegan Kolesar wins face-off versus Andy Andreoff in Sarnia Sailors zone.
14:40 of 1st period - Keegan Kolesar is hit by Sampo Ranta.
14:43 of 1st period - Minor Penalty to Vasily Podkolzin for Slashing.
14:44 of 1st period - Andy Andreoff wins face-off versus Dominic Toninato in Sarnia Sailors zone.
15:20 of 1st period - Snap shot by Trent Frederic.
15:20 of 1st period - Shot Blocked by Dominic Toninato.
16:43 of 1st period - Penalty to Vasily Podkolzin is over, Vasily Podkolzin is back on ice.
17:08 of 1st period - Wrist shot by Chris Wideman.
17:08 of 1st period - Shot Misses the Net.
17:28 of 1st period - Wrist shot by Andy Andreoff.
17:28 of 1st period - Shot Blocked by David Warsofsky.
17:30 of 1st period - Slapshot by Rasmus Sandin.
17:30 of 1st period - Stopped by Laurent Brossoit with a rebound.
17:32 of 1st period - Slapshot by Andy Andreoff.
17:32 of 1st period - Deflect By Ty Ronning.
17:32 of 1st period - Goal by Ty Ronning - Erie Otters : 2 - Sarnia Sailors : 0.
17:33 of 1st period - Alex Newhook wins face-off versus Keegan Kolesar in neutral zone.
17:38 of 1st period - Vasily Podkolzin is hit by Adam Clendening and loses puck.
17:49 of 1st period - Wrist shot by Trent Frederic.
17:49 of 1st period - Goal by Trent Frederic - Erie Otters : 3 - Sarnia Sailors : 0.
17:50 of 1st period - Alex Newhook wins face-off versus Keegan Kolesar in neutral zone.
17:55 of 1st period - Snap shot by Paul Cotter.
17:55 of 1st period - Stopped by Laurent Brossoit with a rebound.
18:06 of 1st period - Keegan Kolesar is hit by Trent Frederic and loses puck.
18:13 of 1st period - Minor Penalty to Alex Petrovic for Hooking.
18:14 of 1st period - Keegan Kolesar wins face-off versus Alex Newhook in Erie Otters zone.
18:23 of 1st period - Snap shot by Keegan Kolesar.
18:23 of 1st period - Goal by Keegan Kolesar - Erie Otters : 3 - Sarnia Sailors : 1.
18:24 of 1st period - Trent Frederic wins face-off versus Keegan Kolesar in neutral zone.
18:27 of 1st period - Alex Vlasic is hit by Paul Cotter and loses puck.
19:12 of 1st period - Alex Gallant is hit by Nick Ritchie and loses puck.
19:17 of 1st period - Snap shot by Nick Ritchie.
19:17 of 1st period - Stopped by Keith Kinkaid without a rebound.
19:18 of 1st period - Alex Newhook wins face-off versus Keegan Kolesar in Erie Otters zone.
19:32 of 1st period - Slapshot by Vasily Podkolzin.
19:32 of 1st period - Shot Blocked by Adam Clendening.
19:34 of 1st period - Snap shot by Dominic Toninato.
19:34 of 1st period - Shot Misses the Net.
Goals for this period are 3 for Erie Otters vs 1 for Sarnia Sailors.
Shots for this period are 18 for Erie Otters vs 11 for Sarnia Sailors.
2nd period
0:01 of 2nd period - Alex Newhook wins face-off versus Keegan Kolesar in neutral zone.
0:36 of 2nd period - Wrist shot by Michael Dal Colle.
0:36 of 2nd period - Shot Misses the Net.
0:41 of 2nd period - Slapshot by Alex Vlasic.
0:41 of 2nd period - Shot Blocked by Adam Brubacher.
0:57 of 2nd period - Wrist shot by Chris Wideman.
0:57 of 2nd period - Shot Blocked by Andy Andreoff.
1:15 of 2nd period - Snap shot by Rasmus Sandin.
1:15 of 2nd period - Shot Misses the Net.
2:11 of 2nd period - Wrist shot by Chris Wideman.
2:11 of 2nd period - Shot Misses the Net.
2:13 of 2nd period - Slapshot by Chris Wideman.
2:13 of 2nd period - Shot Misses the Net.
2:15 of 2nd period - Snap shot by Yannick Weber.
2:15 of 2nd period - Stopped by Keith Kinkaid without a rebound.
2:16 of 2nd period - Alex Newhook wins face-off versus Keegan Kolesar in Erie Otters zone.
2:29 of 2nd period - Snap shot by Vasily Podkolzin.
2:29 of 2nd period - Shot Blocked by Paul Cotter.
2:50 of 2nd period - Slapshot by Sampo Ranta.
2:50 of 2nd period - Shot Misses the Net.
2:52 of 2nd period - Snap shot by Michael Eyssimont.
2:52 of 2nd period - Stopped by Laurent Brossoit without a rebound.
2:53 of 2nd period - Aaron Luchuk wins face-off versus Keegan Kolesar in Sarnia Sailors zone.
2:54 of 2nd period - Slapshot by Ty Ronning.
2:54 of 2nd period - Stopped by Laurent Brossoit with a rebound.
2:56 of 2nd period - Minor Penalty to Vasily Podkolzin for Tripping.
2:57 of 2nd period - Dominic Toninato wins face-off versus Alex Newhook in Sarnia Sailors zone.
3:24 of 2nd period - Rob Hamilton is hit by Andy Andreoff and loses puck.
3:31 of 2nd period - Snap shot by Andy Andreoff.
3:31 of 2nd period - Goal by Andy Andreoff - Erie Otters : 4 - Sarnia Sailors : 1.
3:32 of 2nd period - Dominic Turgeon wins face-off versus Paul Cotter in neutral zone.
4:01 of 2nd period - Snap shot by Andy Andreoff.
4:01 of 2nd period - Stopped by Laurent Brossoit with a rebound.
4:03 of 2nd period - Snap shot by Andy Andreoff.
4:03 of 2nd period - Deflect By Sampo Ranta.
4:03 of 2nd period - Goal by Sampo Ranta - Erie Otters : 5 - Sarnia Sailors : 1.
4:03 of 2nd period - Matt Tomkins enters game.
4:04 of 2nd period - Alex Newhook wins face-off versus Keegan Kolesar in neutral zone.
4:10 of 2nd period - Paul Cotter beats up Keegan Kolesar.
4:10 of 2nd period - Penalty to Keegan Kolesar for Fighting.
4:10 of 2nd period - Penalty to Paul Cotter for Fighting.
4:11 of 2nd period - Alex Newhook wins face-off versus Vasily Podkolzin in Sarnia Sailors zone.
4:47 of 2nd period - Slapshot by Andy Andreoff.
4:47 of 2nd period - Stopped by Matt Tomkins with a rebound.
4:59 of 2nd period - Slapshot by Alex Vlasic.
4:59 of 2nd period - Stopped by Keith Kinkaid with a rebound.
5:01 of 2nd period - Snap shot by Connor Carrick.
5:01 of 2nd period - Stopped by Keith Kinkaid with a rebound.
5:05 of 2nd period - Wrist shot by Connor Carrick.
5:05 of 2nd period - Stopped by Keith Kinkaid with a rebound.
6:35 of 2nd period - Snap shot by Josh Dickinson.
6:35 of 2nd period - Deflect By Alex Biega.
6:35 of 2nd period - Stopped by Keith Kinkaid with a rebound.
7:13 of 2nd period - Aaron Ness is hit by Dominic Toninato and loses puck.
7:24 of 2nd period - Michael Eyssimont is hit by Aleksi Heponiemi and loses puck.
8:00 of 2nd period - Sampo Ranta is hit by Michael Dal Colle and loses puck.
8:15 of 2nd period - Snap shot by Josh Dickinson.
8:15 of 2nd period - Stopped by Keith Kinkaid with a rebound.
8:24 of 2nd period - Icing by Jack Rathbone.
8:25 of 2nd period - Andy Andreoff wins face-off versus Josh Dickinson in Sarnia Sailors zone.
8:44 of 2nd period - Wrist shot by Nick Ritchie.
8:44 of 2nd period - Shot Misses the Net.
8:47 of 2nd period - Icing by Sampo Ranta.
8:48 of 2nd period - Michael Eyssimont wins face-off versus Josh Dickinson in Erie Otters zone.
8:48 of 2nd period - Michael Eyssimont is hit by Seth Barton.
9:11 of 2nd period - Off-side.
9:12 of 2nd period - Alex Newhook wins face-off versus Dylan McLaughlin in neutral zone.
9:39 of 2nd period - Michael Eyssimont is hit by Mitchell Vande Sompel and loses puck.
9:46 of 2nd period - Snap shot by Rasmus Sandin.
9:46 of 2nd period - Shot Blocked by David Warsofsky.
9:50 of 2nd period - Snap shot by Michael Eyssimont.
9:50 of 2nd period - Goal by Michael Eyssimont - Erie Otters : 6 - Sarnia Sailors : 1.
9:51 of 2nd period - Alex Newhook wins face-off versus Vasily Podkolzin in neutral zone.
9:57 of 2nd period - Minor Penalty to Keegan Kolesar for Tripping.
9:58 of 2nd period - Dominic Toninato wins face-off versus Alex Newhook in Sarnia Sailors zone.
10:14 of 2nd period - Snap shot by Dominic Toninato.
10:14 of 2nd period - Shot Misses the Net.
10:20 of 2nd period - Alex Biega is hit by Alex Vlasic and loses puck.
11:13 of 2nd period - Snap shot by Alex Newhook.
11:13 of 2nd period - Goal by Alex Newhook - Erie Otters : 7 - Sarnia Sailors : 1.
11:14 of 2nd period - Andy Andreoff wins face-off versus Keegan Kolesar in neutral zone.
11:17 of 2nd period - Dominic Toninato is hit by Sampo Ranta and loses puck.
11:49 of 2nd period - Dylan McLaughlin beats up Adam Clendening.
11:49 of 2nd period - Penalty to Dylan McLaughlin for Fighting.
11:49 of 2nd period - Penalty to Adam Clendening for Fighting.
11:50 of 2nd period - Keegan Kolesar wins face-off versus Alex Newhook in Erie Otters zone.
11:55 of 2nd period - Wrist shot by Vasily Podkolzin.
11:55 of 2nd period - Shot Misses the Net.
11:57 of 2nd period - Snap shot by Keegan Kolesar.
11:57 of 2nd period - Stopped by Keith Kinkaid without a rebound.
11:58 of 2nd period - Keegan Kolesar wins face-off versus Alex Newhook in Erie Otters zone.
12:01 of 2nd period - Snap shot by Dominic Toninato.
12:01 of 2nd period - Stopped by Keith Kinkaid without a rebound.
12:02 of 2nd period - Keegan Kolesar wins face-off versus Alex Newhook in Erie Otters zone.
12:03 of 2nd period - Snap shot by Vasily Podkolzin.
12:03 of 2nd period - Stopped by Keith Kinkaid without a rebound.
12:04 of 2nd period - Keegan Kolesar wins face-off versus Alex Newhook in Erie Otters zone.
12:14 of 2nd period - Snap shot by Vasily Podkolzin.
12:14 of 2nd period - Deflect By Alex Biega.
12:14 of 2nd period - Stopped by Keith Kinkaid with a rebound.
12:16 of 2nd period - Slapshot by Dominic Toninato.
12:16 of 2nd period - Stopped by Keith Kinkaid with a rebound.
12:18 of 2nd period - Backhand shot by Dominic Toninato.
12:18 of 2nd period - Stopped by Keith Kinkaid with a rebound.
12:20 of 2nd period - Wrist shot by Jack Rathbone.
12:20 of 2nd period - Shot Misses the Net.
12:58 of 2nd period - Snap shot by Aleksi Heponiemi.
12:58 of 2nd period - Stopped by Keith Kinkaid with a rebound.
13:37 of 2nd period - Slapshot by Aaron Luchuk.
13:37 of 2nd period - Shot Blocked by Mitchell Vande Sompel.
13:39 of 2nd period - Snap shot by Aaron Luchuk.
13:39 of 2nd period - Shot Blocked by David Warsofsky.
13:41 of 2nd period - Wrist shot by Ty Ronning.
13:41 of 2nd period - Shot Blocked by David Warsofsky.
13:48 of 2nd period - Icing by David Warsofsky.
13:49 of 2nd period - Michael Eyssimont wins face-off versus Josh Dickinson in Sarnia Sailors zone.
13:59 of 2nd period - Minor Penalty to Chris Wideman for Tripping.
14:00 of 2nd period - Dominic Toninato wins face-off versus Andy Andreoff in Sarnia Sailors zone.
14:00 of 2nd period - Dominic Toninato is hit by Andy Andreoff.
14:09 of 2nd period - Snap shot by Rasmus Sandin.
14:09 of 2nd period - Stopped by Matt Tomkins with a rebound.
14:11 of 2nd period - Wrist shot by Sampo Ranta.
14:11 of 2nd period - Shot Blocked by Alex Vlasic.
14:25 of 2nd period - Alex Vlasic is hit by Alex Biega and loses puck.
15:56 of 2nd period - Dominic Toninato is hit by Ty Ronning and loses puck.
15:59 of 2nd period - Penalty to Chris Wideman is over, Chris Wideman is back on ice.
16:12 of 2nd period - Chris Wideman is hit by Aaron Luchuk and loses puck.
17:03 of 2nd period - Alex Vlasic is hit by Michael Eyssimont and loses puck.
17:16 of 2nd period - Adam Clendening is hit by Alex Vlasic and loses puck.
18:52 of 2nd period - Alex Newhook is hit by Aleksi Heponiemi and loses puck.
19:03 of 2nd period - Vasily Podkolzin is hit by Alex Gallant and loses puck.
Goals for this period are 4 for Erie Otters vs 0 for Sarnia Sailors.
Shots for this period are 9 for Erie Otters vs 13 for Sarnia Sailors.
3rd period
0:01 of 3rd period - Alex Newhook wins face-off versus Keegan Kolesar in neutral zone.
0:06 of 3rd period - Wrist shot by Alex Newhook.
0:06 of 3rd period - Stopped by Matt Tomkins with a rebound.
0:08 of 3rd period - Slapshot by Paul Cotter.
0:08 of 3rd period - Stopped by Matt Tomkins with a rebound.
0:10 of 3rd period - Snap shot by Paul Cotter.
0:10 of 3rd period - Goal by Paul Cotter - Erie Otters : 8 - Sarnia Sailors : 1.
0:11 of 3rd period - Alex Newhook wins face-off versus Keegan Kolesar in neutral zone.
0:14 of 3rd period - Jack Rathbone is hit by Trent Frederic and loses puck.
0:33 of 3rd period - Minor Penalty to Alex Biega for Hooking.
0:34 of 3rd period - Alex Newhook wins face-off versus Keegan Kolesar in Erie Otters zone.
0:34 of 3rd period - Alex Newhook is hit by Nick Ritchie.
0:48 of 3rd period - Wrist shot by Keegan Kolesar.
0:48 of 3rd period - Goal by Keegan Kolesar - Erie Otters : 8 - Sarnia Sailors : 2.
0:49 of 3rd period - Keegan Kolesar wins face-off versus Alex Newhook in neutral zone.
1:10 of 3rd period - Minor Penalty to Paul Cotter for Interference.
1:11 of 3rd period - Keegan Kolesar wins face-off versus Alex Newhook in Erie Otters zone.
1:20 of 3rd period - Alex Newhook is hit by Vasily Podkolzin and loses puck.
1:47 of 3rd period - Snap shot by Dominic Toninato.
1:47 of 3rd period - Stopped by Keith Kinkaid with a rebound.
1:49 of 3rd period - Slapshot by Alex Vlasic.
1:49 of 3rd period - Goal by Alex Vlasic - Erie Otters : 8 - Sarnia Sailors : 3.
1:50 of 3rd period - Andy Andreoff wins face-off versus Keegan Kolesar in neutral zone.
2:00 of 3rd period - Andy Andreoff is hit by Alex Vlasic.
2:16 of 3rd period - Trent Frederic is hit by Alex Vlasic and loses puck.
2:46 of 3rd period - Slapshot by Rasmus Sandin.
2:46 of 3rd period - Deflect By Connor Carrick.
2:46 of 3rd period - Stopped by Matt Tomkins with a rebound.
3:31 of 3rd period - Minor Penalty to Alex Petrovic for Tripping.
3:32 of 3rd period - Keegan Kolesar wins face-off versus Alex Newhook in Erie Otters zone.
3:57 of 3rd period - Rasmus Sandin is hit by Yannick Weber and loses puck.
4:38 of 3rd period - Jack Rathbone is hit by Aaron Luchuk and loses puck.
4:57 of 3rd period - Trent Frederic is hit by Chris Wideman and loses puck.
5:26 of 3rd period - Snap shot by Sampo Ranta.
5:26 of 3rd period - Goal by Sampo Ranta - Erie Otters : 9 - Sarnia Sailors : 3.
5:26 of 3rd period - Laurent Brossoit enters game.
5:27 of 3rd period - Alex Newhook wins face-off versus Keegan Kolesar in neutral zone.
5:31 of 3rd period - Penalty to Alex Petrovic is over, Alex Petrovic is back on ice.
5:54 of 3rd period - Aleksi Heponiemi is hit by Andy Andreoff.
7:02 of 3rd period - Alec McCrea is hit by David Warsofsky and loses puck.
7:17 of 3rd period - Nick Ritchie is hit by Aaron Ness and loses puck.
8:09 of 3rd period - Connor Carrick is hit by Andy Andreoff and loses puck.
8:22 of 3rd period - Alex Vlasic is hit by Alex Gallant and loses puck.
8:33 of 3rd period - Jack Rathbone is hit by Trent Frederic and loses puck.
8:38 of 3rd period - Snap shot by Trent Frederic.
8:38 of 3rd period - Stopped by Laurent Brossoit with a rebound.
8:56 of 3rd period - Wrist shot by Vasily Podkolzin.
8:56 of 3rd period - Stopped by Keith Kinkaid with a rebound.
8:58 of 3rd period - Slapshot by Alex Vlasic.
8:58 of 3rd period - Deflect By Vasily Podkolzin.
8:58 of 3rd period - Stopped by Keith Kinkaid with a rebound.
9:12 of 3rd period - Snap shot by Alex Newhook.
9:12 of 3rd period - Stopped by Laurent Brossoit with a rebound.
9:55 of 3rd period - Aaron Ness is hit by Aleksi Heponiemi and loses puck.
10:01 of 3rd period - Michael Dal Colle and Alec McCrea fight to a draw.
10:01 of 3rd period - Penalty to Michael Dal Colle for Fighting.
10:01 of 3rd period - Penalty to Alec McCrea for Fighting.
10:02 of 3rd period - Alex Newhook wins face-off versus Keegan Kolesar in neutral zone.
10:11 of 3rd period - Wrist shot by Alex Newhook.
10:11 of 3rd period - Stopped by Laurent Brossoit with a rebound.
10:34 of 3rd period - Snap shot by Dylan McLaughlin.
10:34 of 3rd period - Shot Misses the Net.
10:38 of 3rd period - Snap shot by Aleksi Heponiemi.
10:38 of 3rd period - Shot Blocked by Alex Biega.
10:40 of 3rd period - Slapshot by Rob Hamilton.
10:40 of 3rd period - Deflect By Dylan McLaughlin.
10:40 of 3rd period - Stopped by Keith Kinkaid without a rebound.
10:41 of 3rd period - Dominic Turgeon wins face-off versus Alex Newhook in Erie Otters zone.
10:45 of 3rd period - Dominic Turgeon and Trent Frederic fight to a draw.
10:45 of 3rd period - Penalty to Dominic Turgeon for Fighting.
10:45 of 3rd period - Penalty to Trent Frederic for Fighting.
10:45 of 3rd period - Penalty to Trent Frederic for instigated a fight.
10:45 of 3rd period - Penalty to Trent Frederic for instigated a fight.
10:46 of 3rd period - Alex Newhook wins face-off versus Keegan Kolesar in neutral zone.
11:28 of 3rd period - Rasmus Sandin is hit by Chris Wideman and loses puck.
12:05 of 3rd period - Minor Penalty to Andy Andreoff for Charging.
12:06 of 3rd period - Dominic Toninato wins face-off versus Alex Newhook in Erie Otters zone.
12:09 of 3rd period - Snap shot by Dominic Toninato.
12:09 of 3rd period - Stopped by Keith Kinkaid with a rebound.
12:11 of 3rd period - Slapshot by Alex Vlasic.
12:11 of 3rd period - Deflect By Dylan McLaughlin.
12:11 of 3rd period - Shot Blocked by Rasmus Sandin.
12:11 of 3rd period - Puck is out of play.
12:12 of 3rd period - Dominic Toninato wins face-off versus Alex Newhook in Erie Otters zone.
12:45 of 3rd period - Penalty to Trent Frederic is over, Alex Newhook is send on ice.
14:05 of 3rd period - Penalty to Andy Andreoff is over, Andy Andreoff is back on ice.
14:21 of 3rd period - Snap shot by Paul Cotter.
14:21 of 3rd period - Stopped by Laurent Brossoit with a rebound.
14:25 of 3rd period - Snap shot by Paul Cotter.
14:25 of 3rd period - Stopped by Laurent Brossoit without a rebound.
14:26 of 3rd period - Aleksi Heponiemi wins face-off versus Aaron Luchuk in Sarnia Sailors zone.
16:07 of 3rd period - Alex Vlasic is hit by Alex Petrovic and loses puck.
17:50 of 3rd period - Alex Gallant is hit by Aleksi Heponiemi and loses puck.
18:07 of 3rd period - Snap shot by Connor Carrick.
18:07 of 3rd period - Shot Blocked by Adam Brubacher.
18:38 of 3rd period - Andy Andreoff is hit by Nick Ritchie and loses puck.
19:01 of 3rd period - Ty Ronning is hit by Keegan Kolesar and loses puck.
19:14 of 3rd period - Alec McCrea is hit by David Warsofsky and loses puck.
19:32 of 3rd period - Icing by Mitchell Vande Sompel.
19:33 of 3rd period - Dominic Turgeon wins face-off versus Michael Eyssimont in Sarnia Sailors zone.
19:52 of 3rd period - Snap shot by Josh Dickinson.
19:52 of 3rd period - Stopped by Keith Kinkaid without a rebound.
19:53 of 3rd period - Alex Newhook wins face-off versus Josh Dickinson in Erie Otters zone.
Goals for this period are 2 for Erie Otters vs 2 for Sarnia Sailors.
Shots for this period are 10 for Erie Otters vs 8 for Sarnia Sailors.
Back to the Top